 Dungeon Crawl Stone Soup version 0.26.1 (webtiles) character file.

Game seed: 5571122754030260776

33590 Survivorfifteen the Brawler (level 13, -2/74 HPs)
             Began as a Gargoyle Berserker on Feb 6, 2021.
             Was a High Priest of Trog.
             Killed by divine providence
             ... invoked by an orc priest
              (10 damage)
             ... on level 2 of the Orcish Mines.
             The game lasted 01:28:08 (14373 turns).

Survivorfifteen the Brawler (Gargoyle Berserker)   Turns: 14373, Time: 01:28:08

Health: -2/74      AC: 30    Str: 27      XL:     13   Next: 72%
Magic:  13/13      EV: 10    Int:  5 (7)  God:    Trog [*****.]
Gold:   1608       SH:  5    Dex:  9      Spells: 12/12 levels left

rFire    + . .     SeeInvis .     - Unarmed
rCold    . . .     Faith    .   (no shield)
rNeg     + . .     Spirit   .   M - +4 plate armour {rPois}
rPois    ∞         Reflect  +   (no helmet)
rElec    +         Harm     .   (no cloak)
rCorr    +         Rampage  .   g - +0 pair of gloves
Will     ++...                  (no boots)
Stlth    ..........             n - amulet of reflection
HPRegen  1.22/turn              f - ring of protection from fire
MPRegen  0.13/turn              l - ring of resist corrosion

@: regenerating
A: talons 1, blurry vision 1, negative energy resistance 1, electricity
resistance, unbreathing, petrification resistance, miasma immunity, AC +9
a: Renounce Religion, Berserk, Trog's Hand, Brothers in Arms


You were on level 2 of the Orcish Mines.
You worshipped Trog.
Trog was extremely pleased with you.
You visited 4 branches of the dungeon, and saw 16 of its levels.

You collected 1656 gold pieces.
You spent 48 gold pieces at shops.

Inventory:

Hand Weapons
 c - a cursed -1 whip
 h - a +4 whip
 q - a +2 war axe of freezing
 u - a +3 lajatang
 A - a +2 dagger of venom
 K - a +0 long sword of holy wrath
 L - a +2 antimagic mace
 P - a +3 vorpal great sword
Armour
 b - a +2 ring mail of willpower
 g - a +0 pair of gloves (worn)
 t - a +0 troll leather armour
 v - the +7 plate armour of Ru's Vengeance {rF+, unknown}
   (You found it on level 4 of the Dungeon)

   It protects you from fire.
 M - a +4 plate armour of poison resistance (worn)
Jewellery
 e - an uncursed amulet of reflection
 f - a ring of protection from fire (left hand)
 i - an uncursed amulet of inaccuracy
 j - an uncursed ring of positive energy
 l - a ring of resist corrosion (right hand)
 n - an amulet of reflection (around neck)
 s - an uncursed ring of fire
 U - an uncursed ring of ice
 X - an uncursed ring of magical power
Wands
 p - a wand of digging (6)
 y - a wand of disintegration (15)
 B - a wand of enslavement (9)
 C - a wand of random effects (41)
 T - a wand of paralysis (11)
Scrolls
 a - 2 scrolls of magic mapping
 d - a scroll of enchant weapon {unknown}
 k - a scroll of noise
 o - 11 scrolls of remove curse
 w - 8 scrolls of teleportation
 E - a scroll of fog
 I - a scroll of brand weapon
 O - 5 scrolls of amnesia
 Q - a scroll of summoning
 V - 2 scrolls of immolation {unknown}
 W - a scroll of blinking {unknown}
 Y - a scroll of vulnerability {unknown}
Potions
 m - 2 potions of brilliance
 r - 4 potions of lignification
 x - 2 potions of cancellation
 z - a potion of degeneration
 D - 2 potions of flight
 H - a potion of berserk rage
 J - a potion of invisibility {unknown}
 N - a potion of attraction {unknown}
 R - a potion of ambrosia {unknown}
Miscellaneous
 S - a lightning rod (4/4)


   Skills:
 + Level 6.0 Fighting
 + Level 11.1 Armour
 + Level 6.0 Dodging
 - Level 1.9 Stealth
 - Level 8.2 Shields
 * Level 16.8 Unarmed Combat


You had 12 spell levels left.
You didn't know any spells.
Your spell library contained the following spells:

 Spells                   Type           Power        Failure   Level
 Freeze                   Ice            0%           99%         1
 Magic Dart               Conj           0%           99%         1
 Searing Ray              Conj           0%           100%        2
 Dazzling Flash           Conj/Hex       0%           100%        3
 Frozen Ramparts          Ice            0%           100%        3
 Ozocubu's Armour         Ice            0%           100%        3
 Fulminant Prism          Conj/Hex       0%           100%        4
 Hailstorm                Conj/Ice       0%           100%        4
 Iskenderun's Mystic Bla  Conj/Tloc      0%           100%        4
 Summon Ice Beast         Ice/Summ       0%           100%        4


Dungeon Overview and Level Annotations

Branches:
Dungeon (12/15)            Temple (1/1) D:4            Lair (1/6) D:9
    Orc (2/2) D:9             Elf (0/3) Orc:2

Altars:
Ashenzari
Cheibriados
Dithmenos
Elyvilon
Fedhas
Gozag
Hepliaklqana
Kikubaaqudgha
Makhleb
Nemelex Xobeh
Okawaru
Qazlal
Ru
Sif Muna
Trog
Uskayaw
Vehumet
Wu Jian
Xom
Yredelemnul
Zin
The Shining One
Beogh

Shops:
D:5 *   D:11 :

Annotations:
D:3 exclusion: oklob plant


Innate Abilities, Weirdness & Mutations

You are resistant to torment.
Your stone body is resilient. (AC +9)
You are immune to poison.
You resist negative energy. (rN+)
You are resistant to electric shocks. (rElec)
You can survive without breathing.
You are immune to petrification.
You are immune to miasma.
You have sharp toenails.
Scrolls take you a little longer to read.


Message History

You feel better. The orc knight closely misses you.
The ice devil barely misses you. The ice devil hits you.
The ice devil freezes you!
* * * LOW HITPOINT WARNING * * *
The red devil hits you but does no damage.
The orc priest invokes the aid of Beogh against you.
Beogh smites you!
* * * LOW HITPOINT WARNING * * *
The orc sorcerer no longer looks unusually strong.
The orc high priest no longer looks unusually strong.
The orc knight roars a battlecry!
The orcs go into a battle-frenzy!
The orc knight no longer looks unusually strong.
The ice devil misses you. You block the ice devil's attack.
The orc knight roars a battlecry!
The orc knight goes into a battle-frenzy!
The orc priest invokes the aid of Beogh against you.
Beogh smites you!
You die...

#)).## # ##...# ###
##...# ##.. ###oo..#
###... #######.o.).##
##.##.# #......o.4o##
#...... #.....[o.4##
##.#..# #.....)o###
##...# #....)@####
##..) ##.....#...#
########))
#..........#
##.##.####.
##.##..[).##
#......#...
####.....#
##....#....
#.....#####....#.....
##...)#.#....#.#.....
#...............#....
##...............##..


You could see 2 orc knights, 2 orc high priests, an ice devil (summoned), an orc
sorcerer (strong), a red devil (summoned), an orc warrior (strong) and an orc
priest (strong).

Vanquished Creatures
  Gastronok (D:11)
  An orc warlord (D:9)
  A hydra (D:11)
  Erolcha (D:11)
  3 boulder beetles (D:11)
  4 two-headed ogres
  2 orc high priests
  Urug (D:12)
  2 unseen horrors
  A wizard (D:10)
  3 orc knights
  An ugly thing (D:12)
  6 orc sorcerers
  A manticore (D:12)
  2 gargoyles
  A kobold demonologist (D:11)
  A komodo dragon (Lair:1)
  4 trolls
  2 hornets (D:8)
  4 blink frogs
  14 yaks
  A wyvern (D:10)
  A wraith (D:12)
  A basilisk (D:10)
  The ghost of iamserjio the Chopper, an amateur BaDe of Ru (D:4)
  Grum (D:11)
  Edmund (D:6)
  Duvessa (D:5)
  A hornet zombie (D:10)
  6 sky beasts
  2 ice beasts
  2 phantoms
  A black bear (D:11)
  2 eyes of draining
  32 orc warriors
  A necrophage (D:6)
  2 wolves (D:11)
  13 ogres
  14 centaurs
  6 big kobolds
  5 bullfrogs
  Dowan (D:5)
  4 scorpions
  10 killer bees
  9 wights
  5 howler monkeys
  3 centaur zombies
  A quasit (D:11)
  3 bullfrog zombies
  2 centaur skeletons
  5 hounds
  4 jellies
  2 bullfrog skeletons (D:7)
  18 orc priests
  A gnoll shaman (D:6)
  18 orc wizards
  5 worker ants
  2 iguanas
  Ijyb (D:5)
  3 killer bee zombies
  A hound zombie (D:7)
  A hound skeleton (D:4)
  A worker ant zombie (D:8)
  9 gnolls
  11 adders
  A shadow imp (D:5)
  A howler monkey simulacrum (D:4)
  A white imp (D:7)
  An ufetubus (D:10)
  An ooze (D:5)
  An adder skeleton (D:5)
  2 adder zombies
  7 worms
  A dart slug (D:1)
  3 adder simulacra (D:4)
  8 leopard geckos
  69 orcs
  12 bats
  8 giant cockroaches
  7 goblins
  8 hobgoblins
  5 jackals (D:5)
  32 kobolds
  8 quokkas
  4 ball pythons
  6 frilled lizards
  A giant cockroach simulacrum (D:4)
  A jackal simulacrum (D:4)
  A leopard gecko skeleton (D:4)
  5 rats
  A spectral orc (D:7)
465 creatures vanquished.

Vanquished Creatures (collateral kills)
  An orc sorcerer (Orc:2)
  An orc priest (Orc:2)
2 creatures vanquished.

Vanquished Creatures (others)
  A wizard (D:9)
  An orc wizard (Orc:2)
  4 orcs
  2 plants (D:6)
8 creatures vanquished.

Grand Total: 475 creatures vanquished

Notes
Turn   | Place    | Note
-------+----------+-------------------------------------------
     0 | D:1      | Survivorfifteen the Gargoyle Berserker began the quest for
                  | the Orb.
     0 | D:1      | Reached XP level 1. HP: 14/14 MP: 1/1
   109 | D:1      | Reached XP level 2. HP: 18/19 MP: 2/2
   412 | D:1      | Reached XP level 3. HP: 19/23 MP: 3/3
   818 | D:2      | Reached ** piety under Trog
  1136 | D:2      | Reached XP level 4. HP: 27/28 MP: 4/4
  1679 | D:3      | Found a sparkling altar of Nemelex Xobeh.
  1715 | D:3      | Reached skill level 4 in Unarmed Combat
  1733 | D:3      | Reached XP level 5. HP: 25/33 MP: 5/5
  2348 | D:3      | Found a blossoming altar of Fedhas.
  2358 | D:3      | Noticed an oklob plant
  3097 | D:4      | Reached *** piety under Trog
  3117 | D:4      | Gained mutation: Scrolls take you a little longer to read.
                  | [potion of mutation]
  3117 | D:4      | Gained mutation: Your natural rate of healing is unusually
                  | fast. [potion of mutation]
  3117 | D:4      | Gained mutation: You have sharp toenails. [potion of
                  | mutation]
  3138 | D:4      | Found a glowing silver altar of Zin.
  3138 | D:4      | Noticed an angel
  3196 | D:4      | Found an opulent altar of Gozag.
  3223 | D:4      | Found a hide-covered altar of Uskayaw.
  3264 | D:4      | Noticed an ogre
  3276 | D:4      | Killed an ogre
  3277 | D:4      | Reached skill level 5 in Unarmed Combat
  3277 | D:4      | Reached XP level 6. HP: 22/38 MP: 6/6
  3328 | D:4      | Noticed an ice beast
  3335 | D:4      | Found a staircase to the Ecumenical Temple.
  3535 | D:4      | Found a runed translucent gate.
  3535 | D:4      | Found a runed translucent gate.
  3536 | D:4      | Found a runed translucent gate.
  3602 | D:4      | Killed an ice beast
  3603 | D:4      | Reached XP level 7. HP: 34/42 MP: 7/7
  3641 | D:4      | Noticed iamserjio's ghost (amateur BaDe)
  3742 | D:4      | Killed iamserjio's ghost
  3743 | D:4      | Reached skill level 1 in Stealth
  3743 | D:4      | Reached skill level 1 in Shields
  3850 | D:4      | Reached skill level 6 in Unarmed Combat
  3907 | D:4      | Got a slimy plate armour
  4047 | D:4      | Found a glowing golden altar of the Shining One.
  4210 | D:5      | Entered Level 5 of the Dungeon
  4258 | D:5      | Reached XP level 8. HP: 48/48 MP: 8/8
  4422 | D:5      | Found a sand-covered staircase.
  4444 | D:5      | Noticed Ijyb
  4491 | D:5      | Killed Ijyb
  4492 | D:5      | Reached skill level 7 in Unarmed Combat
  4649 | D:5      | Noticed Duvessa
  4649 | D:5      | Noticed Dowan
  4661 | D:5      | Killed Dowan
  4661 | D:5      | Reached **** piety under Trog
  4662 | D:5      | Reached skill level 5 in Armour
  4664 | D:5      | Killed Duvessa
  4694 | D:5      | Found Ygiu's General Store.
  4743 | D:5      | Bought a scroll of identify for 24 gold pieces
  4743 | D:5      | Bought a scroll of identify for 24 gold pieces
  4897 | D:5      | Reached skill level 8 in Unarmed Combat
  5349 | D:4      | You fall into a shaft and drop 2 floors!
  5602 | D:6      | Reached XP level 9. HP: 52/52 MP: 9/9
  5664 | D:6      | Found an iron altar of Okawaru.
  5791 | D:6      | Found a white marble altar of Elyvilon.
  5853 | D:6      | Noticed Edmund
  5864 | D:6      | Killed Edmund
  6038 | D:6      | Reached skill level 9 in Unarmed Combat
  6524 | Temple   | Entered the Ecumenical Temple
  6936 | D:7      | Reached skill level 5 in Dodging
  7049 | D:7      | Found a basalt altar of Yredelemnul.
  7077 | D:7      | Found a radiant altar of Vehumet.
  7127 | D:7      | Reached ***** piety under Trog
  7350 | D:8      | Reached skill level 10 in Unarmed Combat
  7517 | D:8      | Reached XP level 10. HP: 57/58 MP: 10/10
  7643 | D:8      | Noticed a two-headed ogre
  7659 | D:8      | Killed a two-headed ogre
  7660 | D:8      | Reached skill level 11 in Unarmed Combat
  7680 | D:8      | Found a sacrificial altar of Ru.
  8086 | D:8      | Received a gift from Trog
  8510 | D:9      | Found a staircase to the Orcish Mines.
  8674 | D:9      | Found a staircase to the Lair.
  8691 | D:9      | Found a bloodstained altar of Trog.
  8692 | D:9      | Noticed a wizard
  8697 | D:9      | Killed a wizard
  8835 | D:9      | Found a broken altar of Ashenzari.
  8835 | D:9      | Found a shadowy altar of Dithmenos.
  8841 | D:9      | Found a burning altar of Makhleb.
  8846 | D:9      | Found a faded altar of an unknown god.
  8847 | D:9      | Found a faded altar of an unknown god.
  9007 | Lair:1   | Entered Level 1 of the Lair of Beasts
  9036 | D:9      | Reached skill level 5 in Shields
  9069 | D:9      | Reached XP level 11. HP: 53/62 MP: 11/11
  9073 | D:9      | Reached skill level 12 in Unarmed Combat
  9224 | D:10     | Entered Level 10 of the Dungeon
  9227 | D:10     | Noticed a wizard
  9240 | D:10     | Killed a wizard
  9241 | D:10     | Reached skill level 5 in Fighting
  9397 | D:9      | Killed an unseen horror
  9417 | D:10     | Found a runed translucent door.
  9450 | D:10     | Killed an unseen horror
  9451 | D:10     | Reached skill level 13 in Unarmed Combat
  9800 | D:10     | Found a runed translucent door.
 10261 | D:11     | Received a gift from Trog
 10301 | D:11     | Noticed a two-headed ogre
 10319 | D:11     | Killed a two-headed ogre
 10320 | D:11     | Reached XP level 12. HP: 42/68 MP: 8/12
 10370 | D:11     | Noticed a boulder beetle
 10398 | D:11     | Killed a boulder beetle
 10494 | D:11     | Reached skill level 14 in Unarmed Combat
 10645 | D:11     | Noticed a two-headed ogre
 10645 | D:11     | Noticed a boulder beetle
 10658 | D:11     | Killed a two-headed ogre
 10708 | D:11     | Killed a boulder beetle
 10817 | D:11     | Noticed a six-headed hydra
 10820 | D:11     | Noticed Erolcha
 10827 | D:11     | Killed a six-headed hydra
 10831 | D:11     | Killed Erolcha
 11104 | D:11     | Found Qifyatux's Book Emporium.
 11130 | D:11     | Noticed a boulder beetle
 11169 | D:11     | Noticed Gastronok
 11171 | D:11     | Killed a boulder beetle
 11182 | D:11     | Killed Gastronok
 11183 | D:11     | Reached skill level 10 in Armour
 11183 | D:11     | Reached skill level 15 in Unarmed Combat
 11248 | D:11     | Noticed Grum
 11253 | D:11     | Killed Grum
 11377 | D:12     | Noticed Urug
 11402 | D:12     | Killed Urug
 11517 | D:12     | Reached XP level 13. HP: 41/73 MP: 13/13
 12091 | Orc:1    | Entered Level 1 of the Orcish Mines
 12091 | Orc:1    | Found a roughly hewn altar of Beogh.
 12091 | Orc:1    | Noticed an orc warlord
 12156 | D:9      | Killed an orc warlord
 12447 | Orc:1    | Paralysed by an orc sorcerer for 2 turns
 12797 | Orc:2    | Entered Level 2 of the Orcish Mines
 12797 | Orc:2    | Found a staircase to the Elven Halls.
 12809 | Orc:2    | Reached skill level 16 in Unarmed Combat
 12852 | Orc:2    | Received a gift from Trog
 12883 | Orc:2    | Paralysed by an orc sorcerer for 2 turns
 13696 | Orc:2    | Paralysed by an orc sorcerer for 2 turns
 13728 | Orc:2    | Lost mutation: Your natural rate of healing is unusually
                  | fast. [a neqoxec]
 14362 | Orc:2    | Paralysed by an orc sorcerer for 3 turns
 14367 | Orc:2    | HP: 1/74 [orc priest/divine providence (13)]
 14373 | Orc:2    | Killed from afar by an orc priest

Illustrated notes

Levels and vault maps discovered:
D:1:      onia_arrival_mini_maze_b, layout_basic, item_on_display_a
D:2:      layout_loops_ring
D:3:      layout_rooms, nemelex_xobeh_ov_fountains_minmay,
          chequers_serial_rivers_micro_e, nrook_campfire, tgw_fedhas
D:4:      layout_loops_ring, zin_angel, kennysheep_little_box,
          kennysheep_mini_moat, lemuel_doored_altar, minmay_temple_entry_glass,
          gup_sewer_entry_pipe, gammafunk_ghost_icy
D:5:      layout_loops_ring, serial_shops, shop, nicolae_ossuary_entry_ruins,
          uniq_duvessa, uniq_ijyb
D:6:      layout_loops_corners, elyvilon_altar_1, okawaru_altar_gauntlet_db,
          uniq_edmund
D:7:      layout_cave_pools, old_standard_altar,
          yredelemnul_forgotten_temple_becter
D:8:      layout_basic, old_standard_altar
D:9:      layout_rooms, chequers_temple_overflow_minitemple, lair_entry_dummy,
          david_orc_2, trog_wizard
D:10:     cheibrodos_histonic, layout_cave_pools
D:11:     layout_roguey, serial_shops, nicolae_shop_behind_doors, uniq_grum,
          uniq_gastronok, uniq_erolcha
D:12:     layout_small_grid, uniq_urug
Temple:   nicolae_temple_figure_zero
Lair:1:   layout_regular_city
Orc:1:    layout_caves, basic_altar
Orc:2:    grunt_orc_tribal_feast, layout_caves

Skill      XL: |  1  2  3  4  5  6  7  8  9 10 11 12 13 |
---------------+----------------------------------------+-----
Dodging        | 2 3 4 5 6 |  6.0
Unarmed Combat | 4 5 6 8 10 11 13 15 16 | 16.8
Armour         | 3 4 5 6 7 9 10 11 | 11.1
Stealth        | 1 |  1.9
Shields        | 1 2 3 5 6 7 8 |  8.2
Fighting       | 4 5 6 |  6.0

Action                   |  1- 3 |  4- 6 |  7- 9 | 10-12 | 13-15 || total
-------------------------+-------+-------+-------+-------+-------++-------
Melee: Unarmed           |   146 |   236 |   512 |   727 |   380 ||  2001
       Punch             |     3 |     5 |    11 |    43 |    32 ||    94
       Kick              |       |    12 |   139 |   224 |   111 ||   486
Invok: Berserk           |     2 |       |     1 |       |     1 ||     4
       Trog's Hand       |       |     1 |     1 |     2 |     5 ||     9
       Brothers in Arms  |       |       |       |       |     1 ||     1
  Use: Potion            |     1 |     5 |       |     6 |     4 ||    16
       Scroll            |     1 |     7 |     9 |     8 |       ||    25
Armor: Animal skin       |    35 |       |       |       |       ||    35
       Ring mail         |    26 |   204 |   179 |    11 |       ||   420
       Plate armour      |       |       |       |   427 |   227 ||   654
Dodge: Dodged            |   129 |   256 |   252 |   238 |   181 ||  1056
Block: Other             |       |    16 |   104 |   149 |    88 ||   357
       Reflection        |       |     1 |     3 |     8 |     2 ||    14
